 Dungeon Crawl Stone Soup version 0.29-a0-575-g0dc89cf053 (webtiles) character file.

Game seed: 98842562483664439

23808 Flugkiller the Brawler (level 13, -1/116 HPs)
             Began as a Meteoran Chaos Knight on June 12, 2022.
             Was a Plaything of Xom.
             Slain by a four-headed hydra (4 damage)
             ... while petrified by a basilisk
             ... on level 3 of the Lair of Beasts.
             The game lasted 00:31:53 (5041 turns).

Flugkiller the Brawler (Meteoran Chaos Knight)      Turns: 5041, Time: 00:31:53

Health: -1/116     AC: 13    Str: 14    XL:     13   Next: 72%
Magic:  21/21      EV:  2    Int: 26    God:    Xom [....*.]
Gold:   575        SH:  0    Dex: 13    Spells: 8/22 levels left

rFire   . . .      SeeInvis .   L - staff of conjuration
rCold   + + .      Faith    .   z - +0 buckler
rNeg    + + +      Spirit   .   W - +0 troll leather armour
rPois   ∞          Reflect  .   e - +1 hat
rElec   .          Harm     .   r - +2 cloak {rC+}
rCorr   .          Rampage  .   X - +0 pair of gloves
Will    +....                   S - +2 pair of boots
Stlth   +.........              T - amulet of magic regeneration
HPRegen 1.09/turn               p - ring of protection from cold
MPRegen 0.57/turn               D - +6 ring of intelligence

@: lethally poisoned (-1 -> -1), petrified, very slightly contaminated, slowed,
glowing
A: sense surroundings 2, otherworldly, glowing, explore regen
a: Renounce Religion


You were on level 3 of the Lair of Beasts.
You worshipped Xom.
You were a beloved toy of Xom.
You visited 2 branches of the dungeon, and saw 13 of its levels.
You also visited: Ossuary, Bailey, Gauntlet and Ice Cave.

You collected 883 gold pieces.
You spent 308 gold pieces at shops.

Inventory:

Hand Weapons
 x - the +11 hand axe "Ryitour" {protect, rC- rCorr Str+3 Dex+7}
   (You found it on level 2 of the Lair of Beasts)

   It grants its wielder temporary protection when it strikes (+7 to AC).
   Str:       It affects your strength (+3).
   Dex:       It affects your dexterity (+7).
   rC:        It makes you vulnerable to cold.
   rCorr:     It protects you from acid and corrosion.
 H - a +0 demon trident of freezing
   (You found it in an ice cave)
Missiles
 P - 8 silver javelins
 V - 7 boomerangs
Armour
 e - a +1 hat (worn)
   (You found it on level 1 of the Dungeon)
 r - a +2 cloak of cold resistance (worn)
   (You found it in an ice cave)
 z - a +0 buckler (worn)
   (You found it on level 4 of the Dungeon)
 S - a +2 pair of boots (worn)
   (You found it on level 1 of the Dungeon)
 W - a +0 troll leather armour (worn)
   (You found it on level 10 of the Dungeon)
 X - a +0 pair of gloves (worn)
   (You found it on level 3 of the Dungeon)
Magical Staves
 L - a staff of conjuration (weapon)
   (You found it on level 8 of the Dungeon)
Jewellery
 b - a ring of flight
   (You found it on level 7 of the Dungeon)
 f - a ring of protection from fire
   (You found it in a Gauntlet)
 j - a +4 ring of slaying
   (You found it in a Gauntlet)
 m - a ring of willpower
   (You found it in an ice cave)
 o - a ring of poison resistance
   (You found it on level 7 of the Dungeon)
 p - a ring of protection from cold (left hand)
   (You found it in a Gauntlet)
 D - a +6 ring of intelligence (right hand)
   (You took it off a minotaur in a Gauntlet)
 K - the ring of Ynumogad {rC- Will+ MP+9 Str+3 Int+3}
   (Xom gifted it to you on level 7 of the Dungeon)

   [ring of willpower]

   Str:       It affects your strength (+3).
   Int:       It affects your intelligence (+3).
   rC:        It makes you vulnerable to cold.
   MP:        It affects your magic capacity (+9).
   Will:      It increases your willpower.
 Q - the amulet "Tolig" {rF+ rN+ Will++ Regen+}
   (You found it in an ice cave)

   [amulet of regeneration]

   rF:        It protects you from fire.
   rN:        It protects you from negative energy.
   Regen:     It increases your rate of health regeneration.
   Will:      It greatly increases your willpower.
 T - an amulet of magic regeneration (around neck)
   (You found it in an ice cave)
Wands
 a - a wand of polymorph (14)
   (You found it on level 7 of the Dungeon)
 g - a wand of paralysis (7)
   (You took it off Ijyb on level 4 of the Dungeon)
 C - a wand of acid (1)
   (You took it off an orc on level 5 of the Dungeon)
 I - a wand of flame (30)
   (You found it on level 6 of the Dungeon)
 J - a wand of mindburst (5)
   (You found it in a Gauntlet)
Scrolls
 h - 2 scrolls of poison
 i - 3 scrolls of magic mapping
 k - 3 scrolls of enchant weapon
 l - 5 scrolls of immolation
 t - 7 scrolls of teleportation
 A - 4 scrolls of vulnerability
 B - a scroll of amnesia
 F - 2 scrolls of fear {unknown}
 M - a scroll of fog {unknown}
 O - a scroll of enchant armour
 Z - 2 scrolls of torment
Potions
 d - 2 potions of might
 n - 2 potions of resistance
 q - 7 potions of curing
 s - a potion of haste {unknown}
 u - 2 potions of attraction {unknown}
 v - a potion of flight {unknown}
 w - 7 potions of heal wounds
 y - a potion of ambrosia {unknown}
 E - 2 potions of mutation
 G - a potion of cancellation {unknown}
 N - a potion of magic
 R - 2 potions of brilliance
 U - a potion of berserk rage {unknown}
Miscellaneous
 c - a lightning rod (4/4) (quivered)
   (You found it in an ice cave)
 Y - a box of beasts
   (You found it in a Gauntlet)


   Skills:
 + Level 11.5 Fighting
 - Level 3.6(5.0) Axes
 - Level 5.4(6.0) Polearms
 - Level 5.0 Armour
 - Level 1.2 Dodging
 - Level 5.0 Shields
 - Level 15.0 Unarmed Combat
 - Level 5.0 Spellcasting
 - Level 11.0 Conjurations
 - Level 10.0 Transmutations
 - Level 8.0 Poison Magic
 - Level 5.0 Evocations


You had 8 spell levels left.
You knew the following spells:

 Your Spells              Type           Power      Damage    Failure   Level
a - Sting                 Tmut/Pois      100%       1d8       1%          1
b - Olgreb's Toxic Radia  Pois           48%        N/A       4%          4
c - Ice Form              Ice/Tmut       32%        N/A       16%         4
i - Irradiate             Conj/Tmut      37%        3d25      4%          5

Your spell library contained the following spells:

 Spells                   Type           Power      Damage    Failure   Level
 Shock                    Conj/Air       100%       1d9       1%          1
 Passwall                 Tmut/Erth      26%        N/A       2%          2
 Poisonous Vapours        Pois/Air       54%        N/A       3%          2
 Iskenderun's Battlesphe  Conj           77%        2d13      3%          5
 Necrotize                Necr           24%        1d5       12%         1
 Hailstorm                Conj/Ice       51%        3d11      12%         4
 Petrify                  Tmut/Erth      32%        N/A       16%         4
 Ensorcelled Hibernation  Hex/Ice        12%        N/A       19%         2
 Sublimation of Blood     Necr           6%         N/A       19%         2
 Gell's Gravitas          Tloc           6%         N/A       34%         3
 Lesser Beckoning         Tloc           6%         N/A       34%         3
 Swiftness                Air            6%         N/A       34%         3
 Teleport Other           Tloc           6%         N/A       34%         3
 Vampiric Draining        Necr           6%         2d6       34%         3
 Fireball                 Conj/Fire      25%        3d11      34%         5
 Orb of Destruction       Conj           38%        9d11      73%         7
 Airstrike                Air            3%         N/A       75%         4
 Summon Ice Beast         Ice/Summ       6%         N/A       75%         4
 Conjure Ball Lightning   Conj/Air       25%        3x3d7     88%         6
 Agony                    Necr           6%         N/A       97%         5
 Summon Mana Viper        Hex/Summ       6%         N/A       97%         5
 Simulacrum               Ice/Necr       3%         N/A       100%        6
 Monstrous Menagerie      Summ           3%         N/A       100%        7


Dungeon Overview and Level Annotations

Branches:
Dungeon (10/15)            Temple (0/1) D:7            Lair (3/6) D:10
  Swamp (0/4) Lair:3       Spider (0/4) Lair:2      Ossuary (visited)
 Bailey (visited)           IceCv (visited)         Gauntlet (visited)
    Orc: D:9-12

Altars:
Ashenzari
Vehumet

Shops:
D:8 :[(!

Annotations:
D:8 2 runed translucent doors


Innate Abilities, Weirdness & Mutations

You passively map the area around you.
You are easily found by Zot.
You glow in the dark.
You regain HP and MP as you explore.


Message History

The yak is almost dead.
The black mamba bites you!
The torpor snail bites you but does no damage.
The yak gores you.
A water moccasin comes into view.
The black mamba bites you!
Casting: Irradiate (mildly dangerous; 2% risk of failure)
Confirm with . or Enter, or press ? or * to list all spells.
You erupt in a fountain of uncontrolled magic!
The black mamba is blasted with magical radiation!!
The black mamba is severely wounded.
The black mamba twists and deforms.
The yak is blasted with magical radiation!
You kill the yak!
The torpor snail is blasted with magical radiation!!!
The torpor snail is almost dead.
The torpor snail twists and deforms.
Your transformation is almost over.
The black mamba bites you.
You are poisoned.
The black mamba poisons you! The basilisk gazes at you.
You are slowing down.
The black mamba barely misses you.
The torpor snail bites you but does no damage.
Unknown command.
You feel very sick. The black mamba bites you! The basilisk bites you!
A rime drake comes into view.
The black mamba bites you but does no damage.
The basilisk gazes at you.
Your limbs have turned to stone.
The yak gores the torpor snail.
The yak gores itself!
The yak gores the black mamba!
The basilisk bites you. The torpor snail bites you!
You have turned to stone.
The sentinel's mark upon you fades away.
The black mamba bites you. The four-headed hydra bites you!
The four-headed hydra bites you. The four-headed hydra bites you!
The four-headed hydra bites you but does no damage.
The basilisk bites you but does no damage.
The black mamba bites you. The torpor snail bites you!
The four-headed hydra bites you but does no damage.
The four-headed hydra bites you! x3
* * * LOW HITPOINT WARNING * * *
The black mamba bites you.
* * * LOW HITPOINT WARNING * * *
The yak gores itself!
The basilisk gazes at you. You resist with almost no effort.
The water moccasin bites you.
The black mamba bites you but does no damage.
The water moccasin bites you. The four-headed hydra bites you!
* * * LOW HITPOINT WARNING * * *
The four-headed hydra bites you.
* * * LOW HITPOINT WARNING * * *
The four-headed hydra bites you.
* * * LOW HITPOINT WARNING * * *
The four-headed hydra bites you but does no damage.
The torpor snail bites you but does no damage.
The basilisk gazes at you.
The black mamba bites you but does no damage.
The black mamba bites you but does no damage.
The water moccasin bites you.
* * * LOW HITPOINT WARNING * * *
The four-headed hydra bites you!
* * * LOW HITPOINT WARNING * * *
The four-headed hydra bites you but does no damage.
The four-headed hydra bites you.
The four-headed hydra bites you but does no damage.
The yak gores the four-headed hydra!
The basilisk gazes at you. You resist with almost no effort. The yak gores you!
* * * LOW HITPOINT WARNING * * *
You warm up again.
Your staff of conjuration unmelds from your body.
Your +2 cloak of cold resistance unmelds from your body.
Your +1 hat unmelds from your body.
Your +0 pair of gloves unmelds from your body.
Your +2 pair of boots unmelds from your body.
Your +0 buckler unmelds from your body.
Your +0 troll leather armour unmelds from your body.
You feel resistant to cold. The black mamba completely misses you.
The water moccasin bites you but does no damage.
The torpor snail bites you but does no damage.
The black mamba bites you but does no damage.
The four-headed hydra bites you.
* * * LOW HITPOINT WARNING * * *
The four-headed hydra bites you but does no damage.
The four-headed hydra bites you.
* * * LOW HITPOINT WARNING * * *
The four-headed hydra bites you.
* * * LOW HITPOINT WARNING * * *
The water moccasin bites you!
* * * LOW HITPOINT WARNING * * *
The basilisk gazes at you. You resist with almost no effort.
The black mamba bites you but does no damage.
The water moccasin bites you but does no damage.
The black mamba bites you but does no damage.
The torpor snail barely misses you. The four-headed hydra bites you!
You die...
Xom chuckles heartily!

,, , ,....#........., ,
....#......>.,,
.............
............# * ,
............## * * ,
.............# * ,
..........Y..# ,
.......YSw...#### *,
,........D@....#.#
........lS.....####
.........k......#.# ** *
, .................## * ,
......(...........###
....................# *
.....................,,*,
....................#*
***
,*..............†...##


You could see a four-headed hydra, a torpor snail (misshapen), a black mamba
(misshapen), 2 yaks, a basilisk, a rime drake and a water moccasin.

Vanquished Creatures
  The ghost of kMk the Arsonist, a journeyman OgFE of Vehumet (Lair:2)
  A minotaur (Gauntlet)
  Harold (Lair:1)
  An ice dragon (IceCv)
  Erica (D:10)
  2 two-headed ogres
  4 death yaks (Lair:3)
  Pikel (D:7)
  A necromancer (Lair:2)
  2 ice statues (IceCv)
  A black mamba (Lair:2)
  A torpor snail (shapeshifter) (Gauntlet)
  A water nymph (shapeshifter) (Gauntlet)
  3 cane toads (Lair:1)
  3 rime drakes (IceCv)
  A komodo dragon (Lair:1)
  2 trolls (D:10)
  A polar bear (Lair:3)
  A hornet (Lair:3)
  4 blink frogs (Lair:2)
  A raiju (Gauntlet)
  A jumping spider (IceCv)
  4 spriggans (Bailey)
  A wyvern (D:8)
  2 basilisks (Lair:2)
  A basilisk (shapeshifter) (Gauntlet)
  14 yaks
  A steam dragon (Bailey)
  7 water moccasins
  4 orc warriors
  2 black bears
  An ice beast (D:6)
  2 sky beasts (D:6)
  4 ogres
  3 wolves (Lair:2)
  3 centaurs
  An elf zombie (Ossuary)
  A phantom (D:4)
  A kobold brigand (D:10)
  2 lemures (D:7)
  8 bullfrogs
  2 necrophages
  A gnoll sergeant (D:5)
  A cane toad simulacrum (Lair:2)
  5 wights
  2 killer bees (Lair:2)
  2 lindwurm simulacra (IceCv)
  An elephant simulacrum (Lair:2)
  An electric eel (D:9)
  A howler monkey (D:9)
  9 komodo dragon simulacra (IceCv)
  2 centaur zombies (Ossuary)
  2 gnoll shamans
  5 orc priests
  4 iguanas (D:6)
  2 lightning spires (Gauntlet)
  Ijyb (D:4)
  8 orc wizards
  3 polar bear simulacra (Lair:2)
  3 wolf simulacra (Lair:2)
  A mummy (Ossuary)
  14 gnolls
  7 acid dragon simulacra (IceCv)
  7 adders
  An ufetubus (D:6)
  3 steam dragon simulacra (IceCv)
  2 worms
  3 dart slugs
  24 orcs
  6 bats
  5 endoplasms
  2 giant cockroaches
  9 hobgoblins
  4 jackals (D:2)
  A ball python (D:2)
  3 frilled lizards
  2 goblins
  3 kobolds
  4 rats
  5 river rat simulacra (Lair:2)
258 creatures vanquished.

Vanquished Creatures (collateral kills)
  2 two-headed ogres (D:9)
  A cyclops (D:9)
  A meliai (Lair:2)
  3 yaks (D:9)
  An acid dragon (D:9)
  A wight (D:9)
  3 centaur zombies (Ossuary)
  A human zombie (Ossuary)
13 creatures vanquished.

Vanquished Creatures (others)
  A death yak (Lair:3)
  A water moccasin (Lair:2)
  8 fungi
  13 plants
23 creatures vanquished.

Grand Total: 294 creatures vanquished

Notes
Turn   | Place    | Note
-------+----------+-------------------------------------------
     0 | D:1      | Flugkiller the Meteoran Chaos Knight began the quest for
                  | the Orb.
     0 | D:1      | Reached XP level 1. HP: 19/19 MP: 2/2
     8 | D:1      | You fall into a shaft and drop 1 floor!
    40 | D:1      | XOM: silly message
    46 | D:1      | XOM: potion effect (might)
    47 | D:1      | XOM: potion effect (brilliance)
    61 | D:1      | Reached XP level 2. HP: 19/27 MP: 3/3
    92 | D:1      | Learned a level 1 spell: Sting
   145 | D:1      | Reached skill level 1 in Spellcasting
   145 | D:1      | Reached skill level 1 in Poison Magic
   145 | D:1      | Reached XP level 3. HP: 12/33 MP: 3/5
   296 | D:2      | XOM: potion effect (might)
   334 | D:2      | Reached XP level 4. HP: 40/40 MP: 7/7
   521 | D:3      | Reached XP level 5. HP: 46/46 MP: 9/9
   563 | D:3      | XOM: noise
   701 | D:2      | XOM: noise
   777 | D:5      | Entered Level 5 of the Dungeon
   828 | D:4      | Noticed Ijyb
   834 | D:4      | Paralysed by Ijyb for 4 turns
   835 | D:4      | XOM: enchant monster (good)
   846 | D:4      | Killed Ijyb
   847 | D:4      | Reached skill level 1 in Evocations
   863 | D:4      | XOM: 1-stop teleportation journey
   886 | D:4      | Found a sand-covered staircase.
   890 | Ossuary  | Entered an ossuary
   911 | Ossuary  | XOM: noise
   950 | Ossuary  | XOM: summons 5 friendly demons
   954 | Ossuary  | Reached XP level 6. HP: 19/52 MP: 10/10
   954 | Ossuary  | XOM: confuse monster(s)
   959 | Ossuary  | XOM: cast spell 'Discord'
   964 | Ossuary  | XOM: divination: detect items
   977 | Ossuary  | Reached skill level 5 in Poison Magic
   979 | Ossuary  | XOM: summons 3 friendly demons
   984 | Ossuary  | Reached XP level 7. HP: 17/60 MP: 11/11
  1002 | D:4      | Learned a level 4 spell: Olgreb's Toxic Radiance
  1133 | D:5      | Reached skill level 5 in Fighting
  1148 | D:5      | Reached XP level 8. HP: 57/68 MP: 2/13
  1360 | D:6      | XOM: confuse monster(s)
  1376 | D:6      | XOM: enchant monster (good)
  1416 | D:6      | XOM: fog
  1541 | D:6      | Gained mutation: You passively map the area around you.
                  | [Meteoran growth]
  1541 | D:6      | Reached XP level 9. HP: 59/75 MP: 16/16
  1614 | D:6      | Reached skill level 5 in Polearms
  1699 | D:6      | XOM: scenery: summon butterflies
  1756 | D:7      | Noticed Pikel
  1757 | D:7      | XOM: cleaving
  1772 | D:7      | Killed Pikel
  1773 | D:7      | Reached skill level 5 in Shields
  1846 | D:7      | Identified the ring of Ynumogad {rC- Will+ MP+9 Str+3
                  | Int+3} (Xom gifted it to you on level 7 of the Dungeon)
  1846 | D:7      | XOM: god gift: ring of Ynumogad {rC- Will+ MP+9 Str+3
                  | Int+3}
  1887 | D:7      | Found a staircase to the Ecumenical Temple.
  1933 | D:7      | Reached skill level 5 in Evocations
  1987 | D:8      | Found Padymoass's Antique Armour Shop.
  1992 | D:8      | XOM: fog
  2002 | D:7      | XOM: confusion
  2006 | D:7      | Reached XP level 10. HP: 57/86 MP: 17/17
  2077 | D:8      | Found Gumn's Book Shop.
  2077 | D:8      | XOM: 4-stop teleportation journey
  2094 | D:8      | Found a large runed translucent door.
  2100 | D:8      | Found a large runed translucent door.
  2214 | D:8      | XOM: 2-stop teleportation journey
  2287 | D:8      | Found Logas's Weapon Shop.
  2333 | D:8      | XOM: god gift: 55 gold pieces
  2342 | D:8      | Found Kood's Distillery.
  2394 | D:8      | Bought a book of Alchemy for 308 gold pieces
  2422 | D:8      | Learned a level 5 spell: Irradiate
  2439 | D:9      | XOM: potion effect (brilliance)
  2446 | D:9      | Reached skill level 1 in Conjurations
  2446 | D:9      | Reached skill level 1 in Transmutations
  2501 | D:8      | XOM: cloud trail
  2542 | D:9      | XOM: summons friendly white imp
  2543 | D:9      | XOM: polymorph white imp -> iron imp
  2557 | D:9      | XOM: confuse monster(s)
  2570 | D:9      | Noticed a skeletal warrior
  2777 | D:9      | Noticed a two-headed ogre
  2777 | D:9      | Noticed a two-headed ogre
  2780 | D:9      | XOM: enchant monster (good)
  2786 | D:9      | XOM: summons 10 friendly demons
  2790 | D:9      | Killed a two-headed ogre
  2791 | D:9      | Reached skill level 5 in Conjurations
  2791 | D:9      | Reached skill level 5 in Transmutations
  2791 | D:9      | Killed a two-headed ogre
  2792 | D:9      | Reached XP level 11. HP: 94/94 MP: 16/18
  2832 | D:9      | Noticed a two-headed ogre
  2837 | D:9      | Killed a two-headed ogre
  2837 | D:9      | Noticed a cyclops
  2841 | D:9      | Killed a cyclops
  2858 | D:9      | XOM: butterfly on damage
  2897 | D:10     | Entered Level 10 of the Dungeon
  2898 | D:10     | Found a radiant altar of Vehumet.
  2905 | D:10     | Found a broken altar of Ashenzari.
  2908 | D:10     | Noticed Erica
  2911 | D:10     | XOM: enchant monster (good)
  2926 | D:10     | Killed Erica
  2943 | D:10     | Found a flagged portal.
  2953 | Bailey   | Entered a bailey
  3057 | Bailey   | Noticed a two-headed ogre
  3065 | Bailey   | XOM: enchant monster (good)
  3099 | Bailey   | Killed a two-headed ogre
  3115 | Bailey   | XOM: fog
  3443 | D:10     | Found a staircase to the Lair.
  3548 | D:10     | XOM: cast spell 'Disjunction'
  3603 | D:10     | Reached XP level 12. HP: 101/101 MP: 19/19
  3673 | Lair:1   | Entered Level 1 of the Lair of Beasts
  3673 | Lair:1   | Found a gate leading to a gauntlet.
  3680 | Lair:1   | Reached skill level 5 in Armour
  3680 | Lair:1   | Reached skill level 1 in Unarmed Combat
  3681 | Lair:1   | Reached skill level 2 in Unarmed Combat
  3696 | Gauntlet | Entered a Gauntlet
  3696 | Gauntlet | Found a transporter.
  3696 | Gauntlet | Found a transporter.
  3697 | Gauntlet | Noticed a catoblepas
  3698 | Gauntlet | Found a transporter.
  3717 | Gauntlet | Found a transporter.
  3718 | Gauntlet | Found a transporter.
  3721 | Gauntlet | Found a transporter.
  3725 | Gauntlet | Noticed an anaconda
  3734 | Gauntlet | Found a transporter.
  3734 | Gauntlet | Found a transporter.
  3735 | Gauntlet | Found a transporter.
  3737 | Gauntlet | Found a transporter.
  3738 | Gauntlet | Noticed a radroach
  3738 | Gauntlet | an anaconda changed into a radroach
  3739 | Gauntlet | a radroach changed into a wolf spider
  3740 | Gauntlet | Noticed a death yak
  3740 | Gauntlet | Noticed a death yak
  3740 | Gauntlet | Noticed a necromancer
  3741 | Gauntlet | Noticed a death yak
  3741 | Gauntlet | Noticed a death yak
  3746 | Gauntlet | Noticed a death yak
  3749 | Gauntlet | Found a transporter.
  3749 | Gauntlet | Found a transporter.
  3770 | Gauntlet | Noticed a steelbarb worm
  3770 | Gauntlet | a wolf spider changed into a steelbarb worm
  3779 | Gauntlet | a steelbarb worm changed into a faun
  3833 | Gauntlet | Noticed a sea snake
  3833 | Gauntlet | a torpor snail changed into a sea snake
  3843 | Gauntlet | a sea snake changed into a shining eye
  3849 | Gauntlet | XOM: divination: detect items
  3852 | Gauntlet | Reached skill level 5 in Spellcasting
  3853 | Gauntlet | Reached skill level 3 in Unarmed Combat
  3853 | Gauntlet | Reached skill level 10 in Conjurations
  3853 | Gauntlet | Reached skill level 10 in Transmutations
  3863 | Gauntlet | Reached skill level 4 in Unarmed Combat
  3921 | Gauntlet | Noticed a minotaur
  3927 | Gauntlet | Killed a minotaur
  3928 | Gauntlet | Reached skill level 6 in Unarmed Combat
  4028 | Lair:2   | Found a frozen archway.
  4061 | Lair:2   | Found a hole to the Spider Nest.
  4062 | Lair:2   | XOM: enchant monster (good)
  4065 | Lair:2   | XOM: blink monster(s)
  4069 | Lair:2   | XOM: smoke on damage
  4072 | Lair:2   | Reached skill level 7 in Unarmed Combat
  4078 | Lair:2   | XOM: 2-stop teleportation journey
  4081 | Lair:2   | XOM: swap monsters
  4099 | Lair:2   | XOM: silly message
  4108 | Lair:2   | Reached skill level 8 in Unarmed Combat
  4128 | Lair:1   | Noticed Harold
  4136 | Lair:1   | Killed Harold
  4137 | Lair:1   | Reached skill level 9 in Unarmed Combat
  4164 | Lair:2   | Learned a level 4 spell: Ice Form
  4169 | IceCv    | Entered an ice cave
  4192 | IceCv    | XOM: polymorph rime drake -> spriggan
  4195 | IceCv    | XOM: polymorph spriggan -> jumping spider
  4199 | IceCv    | Reached skill level 10 in Unarmed Combat
  4235 | IceCv    | Reached skill level 11 in Unarmed Combat
  4267 | IceCv    | XOM: silly message
  4293 | IceCv    | Noticed an ice dragon
  4311 | IceCv    | Killed an ice dragon
  4312 | IceCv    | Reached skill level 12 in Unarmed Combat
  4313 | IceCv    | XOM: scenery: create altars
  4376 | IceCv    | Identified the amulet "Tolig" {rF+ rN+ Will++ Regen+}
  4388 | IceCv    | XOM: 1-stop teleportation journey
  4397 | IceCv    | XOM: summons 4 hostile shadow creatures
  4438 | IceCv    | Identified the amulet of Arrival {Acrobat Harm}
  4459 | IceCv    | XOM: scenery: summon butterflies
  4475 | IceCv    | Reached XP level 13. HP: 88/107 MP: 13/21
  4478 | IceCv    | Reached skill level 13 in Unarmed Combat
  4616 | Lair:2   | XOM: blink monster(s)
  4695 | Lair:1   | Reached skill level 14 in Unarmed Combat
  4749 | Lair:2   | Found a runed translucent door.
  4751 | Lair:2   | Noticed kMk's ghost (journeyman OgFE)
  4768 | Lair:2   | Killed kMk's ghost
  4769 | Lair:2   | Reached skill level 15 in Unarmed Combat
  4775 | Lair:2   | Identified the +11 hand axe "Ryitour" {protect, rC- rCorr
                  | Str+3 Dex+7}
  4818 | Lair:2   | XOM: fog
  4866 | Lair:2   | XOM: divine lightning
  4915 | Lair:3   | Found a staircase to the Swamp.
  4989 | Lair:3   | Reached skill level 10 in Fighting
  4993 | Lair:3   | Noticed a death yak
  4994 | Lair:3   | Noticed a death yak
  4994 | Lair:3   | XOM: cleaving
  4997 | Lair:3   | Noticed a death yak
  4998 | Lair:3   | Noticed a death yak
  4998 | Lair:3   | Noticed a death yak
  5001 | Lair:3   | Killed a death yak
  5001 | Lair:3   | XOM: divine lightning
  5002 | Lair:3   | Killed a death yak
  5006 | Lair:3   | Killed a death yak
  5008 | Lair:3   | Killed a death yak
  5010 | Lair:3   | Killed a death yak
  5026 | Lair:3   | XOM: confuse monster(s)
  5030 | Lair:3   | Noticed a four-headed hydra
  5040 | Lair:3   | HP: 5/116 [four-headed hydra (2)]
  5040 | Lair:3   | HP: 2/116 [water moccasin (3)]
  5041 | Lair:3   | Slain by a four-headed hydra

Illustrated notes

Levels and vault maps discovered:
D:1:      saegor_arrival_simple_d, layout_rooms
D:2:      layout_loops_ring, hellmonk_ecumenical_altar_heavens_door,
          serial_shops, shop, basic_altar, serial_glass, glass_columns_a,
          glass_columns_a
D:3:      layout_loops_corners, minmay_fractal_squares_diagonal_5
D:4:      layout_gridville, mainiacjoe_overflow_paths, serial_shops,
          kennysheep_mini, shop, shop_fountains, nicolae_shop_crystal, shop,
          enter_ossuary_5, uniq_ijyb
D:5:      layout_basic
D:6:      layout_basic
D:7:      layout_loops_ring, temple_green, uniq_pikel
D:8:      layout_cave_pools, nemelex_diamond_rough_becter,
          jmf_multi_god_temple2, serial_shops, shop_fountains,
          nicolae_take_the_stairs, nicolae_shop_crystal,
          nicolae_shop_bloodbath_and_beyond
D:9:      layout_basic, hangedman_glass_teeth, chequers_garden,
          serial_park_tiny_1
D:10:     layout_irregular_city, mainiacjoe_overflow_large_starburst,
          lair_entry_dummy, enter_bailey_4, uniq_erica
Lair:1:   layout_cave_pods, gauntlet_entry_generic, uniq_harold
Lair:2:   layout_loops_ring, hellmonk_spider_entry_not_the_bees,
          ebering_ghost_inner_flame, portal_ice_cave_entry_ice_simulacra,
          eino_house_with_fridge
Lair:3:   layout_cave_pods, swamp_mist, disabler_island, lemuel_fruit_tree,
          lemuel_fruit_fields, grunt_megastairs_2

Skill      XL: |  1  2  3  4  5  6  7  8  9 10 11 12 13 |
---------------+----------------------------------------+-----
Fighting       | 4 5 6 7 8 11 | 11.5
Spellcasting   | 1 2 3 4 5 |  5.0
Poison Magic   | 1 3 4 6 8 |  8.0
Evocations     | 2 3 5 |  5.0
Polearms       | 4 5 |  5.4
Shields        | 5 |  5.0
Armour         | 4 5 |  5.0
Conjurations   | 6 9 11 | 11.0
Transmutations | 6 9 10 | 10.0
Unarmed Combat | 12 15 | 15.0
Axes           | |  3.6
Dodging        | |  1.2

Action                   |  1- 3 |  4- 6 |  7- 9 | 10-12 | 13-15 || total
-------------------------+-------+-------+-------+-------+-------++-------
Melee: Hand axe          |    58 |   100 |     8 |       |       ||   166
       Punch             |     1 |     1 |       |       |       ||     2
       Spear             |       |       |   159 |   159 |       ||   318
       Unarmed           |       |       |       |    61 |   100 ||   161
       Staff             |       |       |       |    23 |    10 ||    33
 Cast: Olgreb's Toxic Ra |       |       |    19 |    60 |     2 ||    81
       Sting             |       |       |     6 |     6 |       ||    12
       Irradiate         |       |       |       |    26 |    12 ||    38
       Ice Form          |       |       |       |     4 |     5 ||     9
Evoke: Wand              |       |     3 |     3 |     7 |       ||    13
  Use: Scroll            |       |     6 |     5 |     6 |     1 ||    18
       Potion            |       |     1 |     2 |     2 |       ||     5
 Stab: Paralysed         |       |    11 |    14 |     6 |       ||    31
       Confused          |       |     1 |       |     1 |       ||     2
Armor: Leather armour    |    27 |    50 |    55 |    38 |       ||   170
       Troll leather arm |       |       |       |    29 |    17 ||    46
       Skin              |       |       |       |    16 |    59 ||    75
Dodge: Dodged            |    37 |    45 |    83 |   109 |    62 ||   336
Block: Buckler           |       |       |    13 |    39 |     6 ||    58

Table legend: (Time is in decaauts)
 A = Elapsed time spent in this place.
 B = Non-inter-level travel time spent in this place.
 C = Inter-level travel time spent in this place.
 D = Time resting spent in this place.
 E = Time spent auto-exploring this place.
 F = Levels seen in this place.
 G = Mean time per level.
                   A        B        C        D        E       F      G
               +--------+--------+--------+--------+--------+-----+--------+
         Total |   5002 |   4748 |    254 |    100 |      0 |  17 |  294.2 |
       Dungeon |   3156 |   2921 |    235 |      0 |      0 |  10 |  315.6 |
          Lair |    699 |    680 |     19 |      0 |      0 |   3 |  233.0 |
       Ossuary |    108 |    108 |      0 |      0 |      0 |   1 |  108.0 |
        Bailey |    403 |    403 |      0 |    100 |      0 |   1 |  403.0 |
      Ice Cave |    364 |    364 |      0 |      0 |      0 |   1 |  364.0 |
      Gauntlet |    269 |    269 |      0 |      0 |      0 |   1 |  269.0 |
               +--------+--------+--------+--------+--------+-----+--------+

Top non-repeatable levels by time:
     D:8: 445 daAuts
  Lair:2: 417 daAuts
  Bailey: 403 daAuts
    D:10: 380 daAuts
     D:9: 370 daAuts
     D:3: 369 daAuts
   IceCv: 364 daAuts
     D:7: 352 daAuts
     D:6: 348 daAuts
Gauntlet: 269 daAuts
     D:4: 251 daAuts
     D:1: 220 daAuts
     D:5: 213 daAuts
     D:2: 203 daAuts
  Lair:1: 163 daAuts
